 Dungeon Crawl Stone Soup version 0.23-a0-49-gd9f7a49 (webtiles) character file.

1607 robertstho the Ducker (level 8, -3/39 HPs)
             Began as a Spriggan Enchanter on Aug 6, 2018.
             Shot with an arrow by a centaur (18 damage)
             ... on level 6 of the Dungeon.
             The game lasted 00:37:43 (6699 turns).

robertstho the Ducker (Spriggan Enchanter)          Turns: 6699, Time: 00:37:43

Health: -3/39      AC:  2    Str:  4    XL:     8   Next: 63%
Magic:  20/20      EV: 23    Int: 18    God:
Gold:   345        SH:  0    Dex: 17    Spells: 13/22 levels left

rFire    + + .     SeeInvis +   i - +2 whip (elec)
rCold    x x .     Gourm    .   (shield restricted)
rNeg     . . .     Faith    .   b - +0 robe
rPois    .         Spirit   .   (helmet restricted)
rElec    .         Reflect  .   (no cloak)
rCorr    .         Harm     .   (gloves unavailable)
MR       +....                  (boots unavailable)
Stlth    +++.......             u - amulet of regeneration
HPRegen  0.53/turn              c - ring of fire
MPRegen  0.17/turn              I - ring of fire

@: drained, very quick
A: very small, unfitting armour, see invisible, herbivore, speed 3, slow
metabolism 2
a: no special abilities


You were on level 6 of the Dungeon.
You were not hungry.

You visited 1 branch of the dungeon, and saw 6 of its levels.
You also visited: Sewer.

You collected 345 gold pieces.

Inventory:

Hand Weapons
 a - a +1 dagger
 i - a +2 whip of electrocution (weapon)
 p - a +0 short sword
 t - a +2 long sword of slicing
 x - a +3 hand axe of freezing
 H - a -2 eveningstar of venom
Missiles
 h - 53 bolts
 k - 8 needles of confusion
 l - 15 poisoned needles
 o - 267 stones (quivered)
 s - 46 sling bullets
Armour
 b - a +0 robe (worn)
Magical Staves
 r - an uncursed staff of earth
Jewellery
 c - a ring of fire (left hand)
 n - a cursed amulet of inaccuracy {unknown}
 u - an amulet of regeneration (around neck)
 I - a ring of fire (right hand)
Wands
 E - a wand of scattershot (7)
Scrolls
 f - 2 scrolls of amnesia {unknown}
 j - a scroll of random uselessness {unknown}
 m - a scroll of enchant armour {unknown}
 q - 2 scrolls of remove curse {unknown}
 v - a scroll of fear {unknown}
 y - 3 scrolls of blinking {unknown}
 z - 3 scrolls of teleportation {unknown}
 D - a scroll of immolation {unknown}
Potions
 e - a potion of resistance
 g - a potion of degeneration {unknown}
 w - a potion of curing
 A - 5 potions of flight {unknown}
 B - a potion of might
 C - 3 potions of brilliance {unknown}
 F - a potion of agility
 G - 2 potions of cancellation {unknown}
Comestibles
 d - 8 rations


   Skills:
 + Level 2.2(1.9) Fighting
 + Level 1.3(1.0) Short Blades
 + Level 3.3(3.0) Maces & Flails
 + Level 0.1(0.0) Throwing
 + Level 7.7(7.3) Dodging
 - Level 4.4(4.0) Stealth
 * Level 7.6(7.2) Spellcasting
 + Level 1.3(0.9) Conjurations
 + Level 6.3(5.9) Hexes
 + Level 1.0(0.7) Ice Magic


You had 13 spell levels left.
You knew the following spells:

 Your Spells              Type           Power        Failure   Level  Hunger
a - Corona                Hex            ####...      1%          1    None
b - Ensorcelled Hibernat  Hex/Ice        ###...       4%          2    None
c - Tukima's Dance        Hex            ####....     2%          3    #......
d - Dazzling Spray        Conj/Hex       ###...       8%          3    #......

Your spell library contained the following spells:

 Spells                   Type           Power        Failure   Level  Hunger
 Confuse                  Hex            ####....     2%          3    #......
 Confusing Touch          Hex            ####..       1%          1    None
 Metabolic Englaciation   Hex/Ice        ###.......   58%         5    #####..
 Petrify                  Tmut/Erth      #.......     71%         4    ###....
 Gell's Gravitas          Tloc           #.........   32%         3    #......
 Yara's Violent Unravell  Hex/Tmut       ###.......   65%         5    #####..


Dungeon Overview and Level Annotations

Branches:
Dungeon (6/15)
 Temple: D:4-7

Altars:
Elyvilon
Fedhas
Qazlal
Trog


Innate Abilities, Weirdness & Mutations

You are very small and have problems with some larger weapons.
You are too small for most types of armour.
You have supernaturally acute eyesight. (SInv)
You are a herbivore.
You cover ground extremely quickly.
You need to consume almost no food.


Message History

You hit the sky beast but do no damage.
The sky beast is heavily wounded.
The centaur wields a shortbow.
The centaur shoots an arrow.
The arrow closely misses you.
The sky beast flickers out of sight for a moment.
The sky beast hits you. The sky beast shocks you.
Casting: Dazzling Spray (safe; 8% risk of failure)
Confirm with . or Enter, or press ? or * to list all spells.
Aiming: Dazzling Spray (safe; 8% risk of failure)
Press: ? - help, Shift-Dir - straight line, f - centaur
Aim: a centaur, wielding a shortbow Out of range.
Okay, then.
Casting: Dazzling Spray (safe; 8% risk of failure)
Confirm with . or Enter, or press ? or * to list all spells.
Aiming: Tukima's Dance (safe; 2% risk of failure)
Press: ? - help, Shift-Dir - straight line, f - you
Okay, then.
The centaur shoots an arrow.
The arrow hits you!!
You die...

.##<.......######.>[...
..######c###.......)[).
.#.......... #####....)
.........#### ##.....
#....#..##### ##......
##.(#........####>......
#.....#...............#.
#...Y(..............#.
......#@........†.....#.
....".....###...[.....##
...##.................##
.. ......###...##.....#.
. .##.#### ###†#........
.. .. #........^. . #.#
##......... #.
#......... #.........


You could see a sky beast (invisible) and a centaur.

Vanquished Creatures
  A black bear (D:6)
  A necrophage (D:3)
  A bullfrog (D:6)
  7 scorpions
  4 wights
  A crimson imp (D:5)
  6 hounds
  2 centaur skeletons
  A gnoll shaman (D:4)
  An orc priest (D:3)
  A jelly (D:5)
  Ijyb (D:4)
  2 worker ants (D:4)
  9 gnolls
  A howler monkey skeleton (D:4)
  17 adders
  A shadow imp (D:6)
  An ooze (D:2)
  A dart slug (D:3)
  5 worms
  2 leopard geckos
  6 orcs
  9 giant cockroaches
  7 hobgoblins
  13 jackals
  7 kobolds
  A quokka (D:2)
  4 ball pythons
  23 bats
  8 frilled lizards
  5 goblins
  A quokka zombie (D:5)
  10 rats
  4 fungi (D:5)
164 creatures vanquished.

Vanquished Creatures (collateral kills)
  A wight (D:6)
  2 gnolls
3 creatures vanquished.

Vanquished Creatures (others)
  5 dancing weapons
  A fungus (D:5)
6 creatures vanquished.

Grand Total: 173 creatures vanquished

Notes
Turn   | Place    | Note
-------+----------+-------------------------------------------
     0 | D:1      | robertstho the Spriggan Enchanter began the quest for the Orb.
     0 | D:1      | Reached XP level 1. HP: 9/9 MP: 5/5
   168 | D:1      | Reached XP level 2. HP: 4/13 MP: 5/7
   269 | D:1      | Learned a level 2 spell: Ensorcelled Hibernation
  1163 | D:2      | Reached XP level 3. HP: 16/16 MP: 3/8
  1635 | D:2      | Learned a level 3 spell: Tukima's Dance
  1639 | D:2      | Learned a level 3 spell: Dazzling Spray
  1945 | D:2      | Reached XP level 4. HP: 18/21 MP: 10/10
  2287 | D:3      | Found a blossoming altar of Fedhas.
  2294 | D:3      | Reached skill level 1 in Maces & Flails
  2520 | D:3      | Found a bloodstained altar of Trog.
  2520 | D:3      | Found a stormy altar of Qazlal.
  2614 | D:3      | Reached XP level 5. HP: 22/25 MP: 12/12
  2778 | D:3      | Found a glowing drain.
  2815 | Sewer    | Entered a sewer
  3329 | D:3      | Noticed a necrophage
  3350 | D:3      | Killed a necrophage
  3350 | D:3      | Reached skill level 1 in Fighting
  3350 | D:3      | Reached skill level 5 in Dodging
  3350 | D:3      | Reached XP level 6. HP: 29/29 MP: 6/13
  3574 | D:3      | Noticed an orc warrior
  4129 | D:4      | Reached skill level 5 in Hexes
  4187 | D:4      | Reached skill level 5 in Spellcasting
  4668 | D:4      | Noticed Ijyb
  4693 | D:4      | Killed Ijyb
  4693 | D:4      | Reached XP level 7. HP: 30/32 MP: 4/15
  4932 | D:4      | Reached skill level 1 in Conjurations
  5087 | D:5      | Entered Level 5 of the Dungeon
  5440 | D:5      | Found a white marble altar of Elyvilon.
  5707 | D:5      | Reached skill level 1 in Ice Magic
  5756 | D:5      | Reached XP level 8. HP: 28/36 MP: 17/19
  6239 | D:6      | HP: 1/38 [wight (3)]
  6699 | D:6      | Shot with an arrow by a centaur

Vault maps used:
D:1:      eino_arrival_water_cross
D:2:      kb_forest_paths, first_ration
D:3:      lemuel_round_altar, gammafunk_temple_overflow_pools,
          portal_sewer_entry_b
D:4:      nzn_random_ring, uniq_ijyb
D:5:      old_forge, elyvilon_altar_5, hex_tiny
D:6:      kennysheep_little_box, serial_shops, nicolae_shop_window_shopping,
          minmay_hedge_maze
Sewer:    sewer_fruit_machine

Skill      XL: |  1  2  3  4  5  6  7  8 |
---------------+-------------------------+-----
Spellcasting   | 3 4 5 6 7 |  7.6
Hexes          | 4 5 6 |  6.3
Maces & Flails | 1 2 3 |  3.3
Dodging        | 4 5 7 |  7.7
Fighting       | 1 2 |  2.2
Conjurations   | 1 |  1.3
Ice Magic      | 1 |  1.0
Short Blades   | |  1.3
Throwing       | |  0.1
Stealth        | |  4.4

Action                   |  1- 3 |  4- 6 |  7- 9 || total
-------------------------+-------+-------+-------++-------
Melee: Dagger            |    38 |       |       ||    38
       Whip              |    78 |   278 |   265 ||   621
       Staff             |     4 |       |       ||     4
Throw: Stone             |       |       |     4 ||     4
 Cast: Corona            |     5 |     1 |       ||     6
       Ensorcelled Hiber |     6 |    16 |     1 ||    23
       Tukima's Dance    |       |    11 |     9 ||    20
       Dazzling Spray    |       |    13 |    13 ||    26
  Use: Potion            |     1 |     2 |     3 ||     6
       Scroll            |     3 |     2 |     2 ||     7
 Stab: Sleeping          |    14 |    11 |     8 ||    33
       Invisible         |       |     9 |       ||     9
       Distracted        |       |       |     1 ||     1
  Eat: Ration            |       |     2 |     2 ||     4
Armor: Robe              |    12 |    30 |    17 ||    59
Dodge: Dodged            |   137 |   292 |   324 ||   753

Table legend:
 A = Spawn XP
 B = Non-spawn XP
 C = Spawn XP percentage of total XP
 D = Spawn monster count
 E = Non-spawn monster count
 F = Spawn count percentage of total count
 G = Total turns spent on level
                    A         B        C        D         E        F      G
               +---------+---------+-------+---------+---------+-------+---------
         Total |       0 |    2297 |   0.0 |       0 |     163 |   0.0 |  6699
               +---------+---------+-------+---------+---------+-------+---------
           D:1 |       0 |      29 |   0.0 |       0 |      19 |   0.0 |  1097
           D:2 |       0 |      81 |   0.0 |       0 |      30 |   0.0 |  1158
           D:3 |       0 |     293 |   0.0 |       0 |      31 |   0.0 |  1297
           D:4 |       0 |     547 |   0.0 |       0 |      27 |   0.0 |  1234
           D:5 |       0 |     866 |   0.0 |       0 |      28 |   0.0 |  1328
           D:6 |       0 |     450 |   0.0 |       0 |      11 |   0.0 |   249
         Sewer |       0 |      31 |   0.0 |       0 |      17 |   0.0 |   336
               +---------+---------+-------+---------+---------+-------+---------
